 Dungeon Crawl Stone Soup version 0.28.0-49-g6dfe1f597d (webtiles) character file.

Game seed: 16468912844134450016

4 Exodus22XD the Sneak (level 1, -1/9 HPs)
             Began as a Spriggan Enchanter on May 15, 2022.
             Constricted to death by a ball python (2 damage)
             ... on level 1 of the Dungeon.
             The game lasted 00:00:27 (446 turns).

Exodus22XD the Sneak (Spriggan Enchanter)            Turns: 446, Time: 00:00:27

Health: -1/9       AC:  2    Str:  4    XL:     1   Next: 50%
Magic:  5/5        EV: 14    Int: 16    God:
Gold:   0          SH:  0    Dex: 15    Spells: 5/5 levels left

rFire   . . .      SeeInvis +   e - +0 short sword (freeze)
rCold   . . .      Faith    .   (no shield)
rNeg    . . .      Spirit   .   b - +0 robe
rPois   .          Reflect  .   (helmet restricted)
rElec   .          Harm     .   (no cloak)
rCorr   .          Rampage  .   (gloves unavailable)
Will    .....                   (boots unavailable)
Stlth   +++.......              (no amulet)
HPRegen 0.03/turn               (no ring)
MPRegen 0.09/turn               (no ring)

@: constricted, very quick
A: very small, no large weapons, unfitting armour, see invisible, speed 3
a: no special abilities


You were on level 1 of the Dungeon.
You visited 1 branch of the dungeon, and saw 1 of its levels.

Inventory:

Hand Weapons
 a - a +1 dagger
 e - a +0 short sword of freezing (weapon)
Armour
 b - a +0 robe (worn)
Scrolls
 d - a scroll of identify {unknown}
Potions
 c - a potion of invisibility


   Skills:
 - Level 1.1 Short Blades
 - Level 2.6 Dodging
 + Level 4.9 Stealth
 - Level 2.6 Spellcasting
 - Level 3.6 Hexes


You had 5 spell levels left.
You didn't know any spells.
Your spell library contained the following spells:

 Spells                   Type           Power      Damage    Failure   Level
 Confusing Touch          Hex            13%        N/A       13%         3
 Tukima's Dance           Hex            13%        N/A       13%         3
 Ensorcelled Hibernation  Hex/Ice        14%        N/A       14%         2
 Dazzling Flash           Conj/Hex       14%        N/A       28%         3


Dungeon Overview and Level Annotations

Branches:
Dungeon (1/15)

Altars:


Innate Abilities, Weirdness & Mutations

You are very small and have problems with some larger weapons.
You are too small for most types of armour.
You have supernaturally acute eyesight. (SInv)
You cover ground extremely quickly. (Speed+++)


Message History

The hobgoblin closely misses you.
You hit the hobgoblin.
You kill the hobgoblin!
You see here a hobgoblin corpse.
The kobold hits you with a +0 short sword of freezing.
The kobold freezes you.
You barely miss the kobold. You hit the kobold.
The kobold is severely wounded.
The kobold hits you with a +0 short sword of freezing.
The kobold freezes you.
You hit the kobold.
You kill the kobold!
Things that are here:
a +0 short sword of freezing; a kobold corpse
e - a +0 short sword of freezing
Okay, then.
A frilled lizard is nearby!
Your +0 short sword of freezing glows with a cold blue light!
e - a +0 short sword of freezing (weapon)
You are too injured to fight recklessly!
You closely miss the frilled lizard. The frilled lizard bites you.
A ball python comes into view.
You closely miss the frilled lizard. The frilled lizard closely misses you.
The ball python hisses angrily.
You hit the frilled lizard.
The frilled lizard seems to slow down.
You freeze the frilled lizard.
You kill the frilled lizard!
The ball python misses you. x2
You barely miss the ball python. The ball python closely misses you.
The ball python grabs you. The ball python constricts you.
* * * LOW HITPOINT WARNING * * *
You completely miss the ball python. The ball python closely misses you.
The ball python constricts you.
* * * LOW HITPOINT WARNING * * *
You hit the ball python.
The ball python seems to slow down.
You freeze the ball python.
The ball python is severely wounded.
The ball python barely misses you. The ball python constricts you.
You die...

#.#.#.# #.#.##.....#.. ####
#.#.#.# #.#.##.#.#.#.. .8.[.
#.#.#.###.#.##.#...#..
......##...†...#.#.##.#####.#
J..........#.#.#.#..#.......#
.......#####.#.#.##.#########
.............#.#.##.#
...........#.#.#.##.#
...........#@#†#.##.#
......J### #S#.#.##.#
#####..... ..#.#.##.#
#........#.#.##.#
......#.#....# ......#.######
........# .......### ......


You could see a ball python (slow).

Vanquished Creatures
  A hobgoblin (D:1)
  A frilled lizard (D:1)
  3 kobolds (D:1)
5 creatures vanquished.

Notes
Turn   | Place    | Note
-------+----------+-------------------------------------------
     0 | D:1      | Exodus22XD the Spriggan Enchanter began the quest for the
                  | Orb.
     0 | D:1      | Reached XP level 1. HP: 9/9 MP: 5/5
   446 | D:1      | Constricted to death by a ball python

Illustrated notes

Levels and vault maps discovered:
D:1:      dpeg_arrival_pits, layout_basic, serial_shops, shop_statue,
          nicolae_shop_hallway_stairs, shapermc_ecumenical_altar_starsandcircs

Action                   || total
-------------------------++-------
Melee: Dagger            ||    19
       Short sword       ||     6
Armor: Robe              ||     1
Dodge: Dodged            ||    15
